 Dungeon Crawl Stone Soup version 0.20-a0-848-g73d9be0 (webtiles) character file.

29 Alarkh the Skirmisher (level 3, 28/29 HPs)
             Began as a Demonspawn Fighter on Mar 9, 2017.
             Got out of the dungeon alive.
             The game lasted 00:00:37 (762 turns).

Alarkh the Skirmisher (Demonspawn Fighter)           Turns: 762, Time: 00:00:38

Health: 28/29      AC:  6    Str: 16    XL:     3   Next: 1%
Magic:  3/3        EV:  7    Int: 10    God:
Gold:   95         SH:  8    Dex: 12    Spells: 2/2 levels left

rFire    . . .     SeeInvis +   a - +0 long sword
rCold    . . .     Gourm    .   b - +0 scale mail
rNeg     . . .     Faith    .   c - +0 shield
rPois    .         Spirit   .   (no helmet)
rElec    .         Reflect  .   (no cloak)
rCorr    .         Harm     .   (no gloves)
MR       .....                  (no boots)
Stlth    ..........             (no amulet)
Regen    0.1/turn               (no ring)
MPRegen  0.1/turn               h - ring of see invisible

@: no status effects
A: powered by pain 1, spiny 1
a: no special abilities


You escaped.
You were not hungry.

You visited 1 branch of the dungeon, and saw 1 of its levels.

You collected 95 gold pieces.

Inventory:

Hand Weapons
 a - a +0 long sword (weapon)
Armour
 b - a +0 scale mail (worn)
 c - a +0 shield (worn)
Jewellery
 h - a ring of see invisible (left hand)
 k - an uncursed ring of magical power {unknown}
Scrolls
 e - a scroll of remove curse {unknown}
 j - a scroll of fear {unknown}
 m - a scroll of enchant weapon {unknown}
 o - a scroll of teleportation {unknown}
Potions
 d - a potion of might
 i - a potion of resistance {unknown}
 l - a potion of magic {unknown}
 n - a potion of curing {unknown}
 p - a potion of agility {unknown}
Comestibles
 f - a bread ration


   Skills:
 + Level 3.4 Fighting
 * Level 2.2 Long Blades
 + Level 2.7 Armour
 + Level 0.3 Dodging
 + Level 3.0 Shields


You had 2 spell levels left.
You didn't know any spells.

Dungeon Overview and Level Annotations

Branches:
Dungeon (1/15)

Altars:


Innate Abilities, Weirdness & Mutations

You sometimes gain a little power by taking damage.
You are partially covered in sharp spines.


Message History

The kobold hits you but does no damage. x2
You hit the kobold but do no damage.
The kobold is severely wounded.
The kobold hits you.
You barely miss the kobold.
The kobold is severely wounded.
You block the kobold's attack.
You hit the kobold.
You kill the kobold!
No target in view!
No target in view!
No target in view!
No target in view!
(D) Dungeon
Where to? (? - help)
Okay, then.
There is an open door here.
There is a staircase leading out of the dungeon here.
Are you sure you want to leave the Dungeon?
This will make you lose the game!
You have escaped!

........#####.#####..............
###..#..#...#.#...#...##.######.#
# #..##.#...'.#...#...##.# #.#
###..##.#...#.#...#...##.# #.#
.....##.#####.##'##...##.# #.#
.##.###..............###.######.#
.##.# #.##'##.#####..##......##.#
.##.# #.#...#.#...#..##...[..##.#
.##.###.#.>.#.'.@.#..........##.#
......#.#...#.#^..#.##.......##.#
...(#.#.#####.#####.##.......##.#
....#.#.............##.......##.#
....#'#.####.#########.(.....##.#
.............# ######.########.#
........)....# #............##.#
.............# #............##.#
.............# #............##.#


There were no monsters in sight!

Vanquished Creatures
  An ooze (D:1)
  4 dart slugs (D:1)
  A ball python (D:1)
  3 bats (D:1)
  A giant cockroach (D:1)
  A goblin (D:1)
  4 kobolds (D:1)
  3 rats (D:1)
18 creatures vanquished.

Notes
Turn   | Place    | Note
-------+----------+-------------------------------------------
     0 | D:1      | Alarkh the Demonspawn Fighter began the quest for the Orb.
     0 | D:1      | Reached XP level 1. HP: 18/18 MP: 1/1
    37 | D:1      | Gained mutation: You sometimes gain a little power by taking damage. [demonic ancestry]
    37 | D:1      | Reached XP level 2. HP: 24/24 MP: 2/2
   651 | D:1      | Gained mutation: You are partially covered in sharp spines. [demonic ancestry]
   651 | D:1      | Reached XP level 3. HP: 29/29 MP: 3/3
   762 | D:$      | Got out of the dungeon alive.

Vault maps used:
D:1:      minmay_arrival_four_houses, kennysheep_boxes

Skill      XL: |  1  2 |
---------------+-------+-----
Long Blades    | 2 |  2.2
Shields        | 3 |  3.0
Fighting       | |  3.4
Armour         | |  2.7
Dodging        | |  0.3

Action                   || total
-------------------------++-------
Melee: Long sword        ||    46
Armor: Scale mail        ||    30
Dodge: Dodged            ||    19
Block: Shield            ||    19
       Rpst.: Long sword ||     7
